 Dungeon Crawl Stone Soup version 0.30.1-4-g462c640d31 (webtiles) character file.

Game seed: 15866883217154323186

4692 monsoonserge the Carver (level 10, -1/76 HPs)
             Began as a Demonspawn Monk on Sept 12, 2023.
             Was a Believer of Nemelex Xobeh.
             Slain by a skeletal warrior
             ... wielding a +0 hand axe
              (13 damage)
             ... on level 8 of the Dungeon.
             The game lasted 00:29:23 (7334 turns).

monsoonserge the Carver (Demonspawn Monk)           Turns: 7334, Time: 00:29:26

Health: -1/76      AC: 16    Str: 12    XL:     10   Next: 21%
Magic:  13/13      EV: 16    Int: 11    God:    Nemelex Xobeh [**....]
Gold:   464        SH: 12    Dex: 20    Spells: 11/13 levels left

rFire   . . .        a - +2 dagger (venom)
rCold   . . .        (no shield)
rNeg    . . .        D - +2 robe
rPois   .            j - +2 helmet
rElec   .            z - +2 cloak
rCorr   +            (no gloves)
SInv    .            k - +1 pair of boots {Fly}
Will    .....        (no amulet)
Stlth   ++           v - ring of resist corrosion
HPRegen 0.32/turn    (no ring)
MPRegen 0.13/turn

%: no passive effects
@: flying
A: large bone plates 3, foul stench 1, icemail 1, condensation shield, demonic
touch 1
a: Renounce Religion, Draw Escape, Draw Destruction, Draw Summoning


You were on level 8 of the Dungeon.
You worshipped Nemelex Xobeh.
Nemelex Xobeh was pleased with you.
You visited 2 branches of the dungeon, and saw 10 of its levels.

You collected 464 gold pieces.

Inventory:

Hand Weapons
 a - a +2 dagger of venom (weapon)
 b - a +0 shortbow
 q - a +0 falchion of protection
 O - a +0 scimitar
Missiles
 u - 16 poisoned darts (quivered)
 y - 16 boomerangs
 A - 3 javelins
 H - 3 silver boomerangs
Armour
 d - an orb of light
 j - a +2 helmet (worn)
 k - a +1 pair of boots of flying (worn)
 z - a +2 cloak (worn)
 D - a +2 robe (worn)
 E - a +0 scale mail
 I - a +0 chain mail
Magical Staves
 f - a staff of cold
Jewellery
 v - a ring of resist corrosion (left hand)
Scrolls
 c - a scroll of enchant armour {unknown}
 e - 2 scrolls of acquirement {unknown}
 h - a scroll of blinking {unknown}
 m - a scroll of silence {unknown}
 p - 2 scrolls of immolation
 s - a scroll of fear {unknown}
 w - a scroll of brand weapon {unknown}
 B - 4 scrolls of teleportation
 F - 2 scrolls of poison
 G - a scroll of fog {unknown}
 L - a scroll of magic mapping {unknown}
 N - a scroll of amnesia {unknown}
 Q - a scroll of butterflies
Potions
 g - 6 potions of magic
 i - a potion of invisibility {unknown}
 l - a potion of brilliance {unknown}
 n - 2 potions of haste
 o - 6 potions of curing {unknown}
 r - a potion of flight {unknown}
 t - 2 potions of heal wounds
 x - 5 potions of lignification
 J - a potion of resistance {unknown}
 K - 2 potions of attraction
 M - a potion of mutation {unknown}
 P - a potion of might {unknown}


   Skills:
 + Level 6.1 Fighting
 + Level 1.1(5.8) Short Blades
 - Level 9.2 Long Blades
 + Level 3.3 Ranged Weapons
 + Level 2.9 Armour
 + Level 5.8 Dodging
 + Level 2.0 Stealth
 - Level 1.0 Unarmed Combat
 - Level 2.0 Spellcasting
 + Level 4.5 Translocations
 * Level 2.0 Invocations


You had 11 spell levels left.
You knew the following spells:

 Your Spells              Type           Power      Damage    Failure   Level
a - Blink                 Tloc           22%        N/A       7%          2

Your spell library contained the following spells:

 Spells                   Type           Power      Damage    Failure   Level
 Lesser Beckoning         Tloc           22%        N/A       7%          2
 Gell's Gravitas          Tloc           11%        N/A       14%         3
 Teleport Other           Tloc           11%        N/A       14%         3
 Momentum Strike          Conj/Tloc      12%        3d8       17%         2
 Kiss of Death            Conj/Necr      4%         2d5       28%         1
 Volatile Blastmotes      Fire/Tloc      12%        2d11      34%         3
 Ensorcelled Hibernation  Hex/Ice        2%         N/A       41%         2
 Passwall                 Tmut/Erth      0%         N/A       41%         2
 Manifold Assault         Tloc           11%        N/A       41%         4
 Confusing Touch          Hex            1%         N/A       65%         3
 Dazzling Flash           Conj/Hex       2%         N/A       65%         3
 Frozen Ramparts          Ice            2%         1d1       65%         3
 Inner Flame              Hex/Fire       1%         N/A       65%         3
 Swiftness                Air            1%         N/A       65%         3
 Iskenderun's Mystic Bla  Conj/Tloc      6%         2d4       75%         4
 Animate Dead             Necr           1%         N/A       96%         4
 Dispel Undead            Necr           1%         3d6       96%         4
 Flame Wave               Conj/Fire      1%         2d4       96%         4
 Ice Form                 Ice/Tmut       1%         N/A       96%         4
 Sticky Flame             Conj/Fire      1%         2d3       96%         4
 Summon Ice Beast         Ice/Summ       1%         N/A       96%         4
 Dispersal                Tloc           5%         N/A       100%        6
 Starburst                Conj/Fire      0%         6d3       100%        6
 Haunt                    Necr/Summ      0%         N/A       100%        7
 Storm Form               Tmut/Air       0%         N/A       100%        7
 Infestation              Necr           0%         N/A       100%        8


Dungeon Overview and Level Annotations

Branches:
Dungeon (9/15)             Temple (1/1) D:6
   Lair: D:8-11         Orc: D:9-12

Altars:
Cheibriados
Dithmenos
Fedhas
Gozag
Hepliaklqana
Kikubaaqudgha
Makhleb
Nemelex Xobeh
Qazlal
Ru
Sif Muna
Trog
Uskayaw
Wu Jian
Xom
Yredelemnul


Innate Abilities, Weirdness & Mutations

You are completely covered in large bone plates. (SH +8)
You may rarely emit foul miasma when damaged in melee.
A meltable icy envelope protects you from harm. (AC +4)
A meltable shield of frost defends you. (SH +4)
Your touch may inflict minor irresistible damage on your foes.


Message History

Here: a skeletal warrior, wielding a +0 dire flail (foul pestilence, heavily damaged)
The floor.
You draw a card...
You have drawn Vitriol.
Press: ? - help, Shift-Dir - straight line, f - skeletal warrior
Aim: a skeletal warrior, wielding a +0 glaive The glob of acid hits the skeletal warrior!!
The acid corrodes the skeletal warrior!
The skeletal warrior is almost destroyed.
Monsoonserge's illusion hits the skeletal warrior.
You block the skeletal warrior's attack. x2
Press: ? - help, v - describe, . - travel
Here: a skeletal warrior, wielding a +0 dire flail (foul pestilence, almost destroyed, covered in acid)
The floor.
Okay, then.
You draw a card...
You have drawn the Orb.
Press: ? - help, Shift-Dir - straight line, f/p - skeletal warrior
Aim: a skeletal warrior, wielding a +0 glaive Your orb of destruction hits a rock wall. x2
The wavering orb of destruction weakly hits the skeletal warrior!
You blow up the skeletal warrior!
Monsoonserge's illusion barely misses the skeletal warrior.
You block the skeletal warrior's attack.
Your orb of destruction hits a rock wall.
Your base Short Blades skill increases to level 1!
Your Stealth skill increases to level 2!
Your Invocations skill gained 2 levels and is now at level 2!
Press: ? - help, v - describe, . - travel, g - get item
Here: a skeletal warrior, wielding a +0 hand axe (foul pestilence, heavily damaged, ally target) Item here: a +0 dire flail.
The floor.
You draw a card...
You have drawn Pain.
Press: ? - help, Shift-Dir - straight line, f/p - skeletal warrior
Aim: a skeletal warrior, wielding a +0 glaive The skeletal warrior is unaffected.
The skeletal warrior hits you with a +0 hand axe!
You die...
Your body glows slightly and disappears.

#........# #........#
#........# #........#
##################........#
............h..†zz........#
##################........#
#########z########
##.....○@z@........
#..#######.########
#########.########.######
.........>..............##
##########......##.####..###
#..........####.##.# ##...##
#.###..#####..#.##.# ##...#
#.# #..#..<........#
#.#.##### #.#
#..#.#.#.##.##.### #........


You could see 2 skeletal warriors and the friendly monsoonserge's illusion
(summoned).

Vanquished Creatures
  A skeletal warrior (D:8)
  Sigmund (D:2)
  A wyvern (D:5)
  6 yaks (D:7)
  3 water moccasins
  2 black bears
  3 orc warriors
  A centaur (D:6)
  An ice beast (D:6)
  An ogre (D:5)
  2 bullfrogs
  4 scorpions
  10 killer bees (D:9)
  2 howler monkeys (D:7)
  2 jellies (D:8)
  A hound (D:5)
  Crazy Yiuf (D:7)
  5 orc priests
  A sleepcap (D:5)
  9 iguanas
  9 orc wizards
  Robin (D:4)
  8 gnolls
  10 adders
  A shadow imp (D:7)
  2 white imps (D:5)
  4 ufetubi
  3 worms
  A dart slug (D:4)
  26 orcs
  8 ball pythons
  11 endoplasms
  2 giant cockroaches
  14 goblins
  12 hobgoblins
  6 jackals
  A kobold (D:2)
  6 quokkas
  5 bats
  4 frilled lizards
  2 rats (D:2)
193 creatures vanquished.

Vanquished Creatures (others)
  A goblin (D:4)
1 creature vanquished.

Grand Total: 194 creatures vanquished

Notes
Turn   | Place    | Note
-------+----------+-------------------------------------------
     0 | D:1      | monsoonserge the Demonspawn Monk began the quest for the
                  | Orb.
     0 | D:1      | Reached XP level 1. HP: 18/18 MP: 1/1
   265 | D:1      | Gained mutation: You are partially covered in large bone
                  | plates. (SH +4) [demonic ancestry]
   265 | D:1      | Reached XP level 2. HP: 24/24 MP: 2/2
   457 | D:1      | Reached skill level 3 in Long Blades
   821 | D:2      | Gained mutation: You are mostly covered in large bone
                  | plates. (SH +6) [demonic ancestry]
   821 | D:2      | Reached XP level 3. HP: 29/29 MP: 3/3
   883 | D:2      | Noticed Sigmund
  1125 | D:3      | Reached XP level 4. HP: 35/35 MP: 4/4
  1277 | D:3      | Found a faded altar of an unknown god.
  1806 | D:4      | Noticed a scorpion
  1814 | D:4      | Killed a scorpion
  1815 | D:4      | Reached skill level 4 in Long Blades
  1815 | D:4      | Reached skill level 1 in Armour
  1815 | D:4      | Gained mutation: A meltable shield of frost defends you.
                  | (SH +4) [demonic ancestry]
  1815 | D:4      | Reached XP level 5. HP: 42/42 MP: 5/5
  1855 | D:5      | Entered Level 5 of the Dungeon
  2111 | D:4      | Gained mutation: You are completely covered in large bone
                  | plates. (SH +8) [demonic ancestry]
  2111 | D:4      | Reached XP level 6. HP: 44/48 MP: 6/6
  2231 | D:4      | Noticed Robin
  2289 | D:3      | Reached skill level 5 in Long Blades
  2389 | D:4      | Killed Robin
  2721 | D:2      | Killed Sigmund
  2740 | D:2      | Learned a level 2 spell: Blink
  2839 | D:2      | Gained mutation: A meltable icy envelope protects you from
                  | harm. (AC +4) [demonic ancestry]
  2839 | D:2      | Reached XP level 7. HP: 53/53 MP: 7/7
  3126 | D:5      | Noticed a wyvern
  3131 | D:5      | Killed a wyvern
  3132 | D:5      | Reached skill level 1 in Spellcasting
  3157 | D:5      | Reached skill level 6 in Long Blades
  3157 | D:5      | Reached skill level 1 in Translocations
  3302 | D:5      | Reached XP level 8. HP: 60/60 MP: 10/10
  3766 | D:5      | Reached skill level 7 in Long Blades
  3766 | D:5      | Reached skill level 1 in Stealth
  3881 | D:6      | Found a stormy altar of Qazlal.
  3934 | D:6      | Found a staircase to the Ecumenical Temple.
  3946 | Temple   | Entered the Ecumenical Temple
  4191 | D:6      | You are sucked into a shaft and drop 2 floors!
  4289 | D:7      | Reached skill level 5 in Fighting
  4300 | D:7      | Reached skill level 8 in Long Blades
  4300 | D:7      | Gained mutation: Your touch may inflict minor irresistible
                  | damage on your foes. [demonic ancestry]
  4300 | D:7      | Reached XP level 9. HP: 53/68 MP: 12/12
  4893 | D:7      | Found a runed translucent door.
  4894 | D:7      | Noticed Crazy Yiuf
  5039 | D:6      | Reached skill level 9 in Long Blades
  5057 | D:6      | Found a burning altar of Makhleb.
  5065 | D:6      | Noticed a cacodemon
  5074 | D:6      | Noticed a smoke demon
  5074 | D:6      | Noticed a hellwing
  5272 | D:6      | Found an ornate altar of the Wu Jian Council.
  5531 | D:7      | Reached skill level 1 in Unarmed Combat
  5709 | D:7      | Reached skill level 5 in Dodging
  5733 | D:7      | Reached skill level 1 in Ranged Weapons
  6060 | D:7      | Killed Crazy Yiuf
  6297 | D:8      | Noticed a skeletal warrior
  6300 | D:8      | Noticed a skeletal warrior
  6302 | D:8      | Noticed a skeletal warrior
  6304 | D:8      | Noticed a skeletal warrior
  6487 | D:9      | Gained mutation: You may rarely emit foul miasma when
                  | damaged in melee. [demonic ancestry]
  6487 | D:9      | Reached XP level 10. HP: 62/76 MP: 13/13
  6507 | D:9      | Found a shimmering blue altar of Sif Muna.
  6606 | Temple   | Became a worshipper of Nemelex Xobeh the Trickster
  6606 | Temple   | Reached * piety under Nemelex Xobeh
  6606 | Temple   | Received a gift from Nemelex Xobeh
  6606 | Temple   | Reached ** piety under Nemelex Xobeh
  6855 | D:8      | Received a gift from Nemelex Xobeh
  7333 | D:8      | Killed a skeletal warrior
  7334 | D:8      | Reached skill level 1 in Short Blades
  7334 | D:8      | Slain by a skeletal warrior

Illustrated notes

Levels and vault maps discovered:
D:1:      dpeg_arrival_tiny_d, layout_loops_ring,
          corexii_item_surrounded_by_moat, serial_bayou_pond_d
D:2:      layout_basic, uniq_sigmund
D:3:      layout_basic, nicolae_overflow_ecumenical_swirl
D:4:      layout_cave_pools, uniq_robin
D:5:      layout_cave_pools
D:6:      layout_cave_pools, makhleb_altar_promises_db,
          pdpol_wu_jian_five_deadly_venoms, grunt_qazlal_sundering,
          temple_statues, hex_large, nicolae_figureground_sparkle
D:7:      layout_loops_corners, uniq_crazy_yiuf_cottage
D:8:      layout_basic, kennysheep_cluttered_room,
          chequers_serial_rivers_small_b
D:9:      layout_basic, mainiacjoe_overflow_six_doors_small, orc_0_dummy
Temple:   dpeg_chambers_temple

Skill      XL: |  1  2  3  4  5  6  7  8  9 10 |
---------------+-------------------------------+-----
Dodging        | 3 4 5 |  5.8
Long Blades    | 3 4 5 6 8 9 |  9.2
Armour         | 1 2 |  2.9
Fighting       | 4 5 6 |  6.1
Spellcasting   | 1 2 |  2.0
Translocations | 1 3 4 |  4.5
Stealth        | 1 2 |  2.0
Unarmed Combat | 1 |  1.0
Ranged Weapons | 2 3 |  3.3
Short Blades   | 1 |  1.1
Invocations    | 2 |  2.0

Action                     |  1- 3 |  4- 6 |  7- 9 | 10-12 || total
---------------------------+-------+-------+-------+-------++-------
  Melee: Falchion          |    54 |       |   157 |       ||   211
         Long sword        |    29 |   109 |       |       ||   138
         Great sword       |       |    57 |   146 |       ||   203
         Dagger            |       |       |    53 |    41 ||    94
         Touch             |       |       |    44 |    10 ||    54
         Punch             |       |       |     6 |     1 ||     7
   Fire: Shortbow          |       |       |    28 |       ||    28
  Throw: Dart              |       |     2 |       |       ||     2
 Invoke: Draw Destruction  |       |       |       |     6 ||     6
         Draw Summoning    |       |       |       |     1 ||     1
    Use: Potion            |       |     1 |       |       ||     1
         Scroll            |       |       |     1 |    10 ||    11
   Stab: Sleeping          |       |     1 |     2 |       ||     3
 Armour: Leather armour    |     5 |       |       |       ||     5
         Ring mail         |    22 |    86 |       |       ||   108
         Robe              |       |       |   100 |     8 ||   108
  Dodge: Dodged            |    47 |   136 |   181 |     9 ||   373
  Block: Orb               |    15 |    65 |       |       ||    80
         Other             |       |    66 |   228 |    28 ||   322
